 Dungeon Crawl Stone Soup version 0.29.1-1-gd02db6906a (webtiles) character file.

Game seed: 7722702050736334440

121 raph the Magician (level 5, -7/52 HPs)
             Began as a Djinni Fire Elementalist on Oct 15, 2022.
             Mangled by Crazy Yiuf
             ... wielding a +4 quarterstaff of chaos
              (10 damage)
             ... on level 2 of the Dungeon.
             The game lasted 00:04:55 (3783 turns).

raph the Magician (Djinni Fire Elementalist)        Turns: 3783, Time: 00:04:56

Health: -7/52      AC: 22    Str:  7    XL:     5   Next: 26%
Gold:   78         EV:  2    Int: 18    God:
                   SH:  4    Dex: 14

rFire   x . .      SeeInvis .   f - +0 long sword
rCold   + . .      Faith    .   c - +1 buckler
rNeg    . . .      Spirit   .   (body armour currently unavailable)
rPois   ∞          Reflect  .   (helmet currently unavailable)
rElec   .          Harm     .   (cloak currently unavailable)
rCorr   .          Rampage  .   (gloves currently unavailable)
Will    .....      NoTele   +   (boots unavailable)
Stlth   ++........              (no amulet)
HPRegen 0.17/turn               h - ring of ice
MPRegen 0.00/turn               (no ring)

@: tree-form
A: stationary, stasis, torment immunity, boosted hp, sickness immunity, (fire
resistance 2), (cold vulnerability 1), float, innate caster, HP casting, extra
vitality 1
a: no special abilities


You were on level 2 of the Dungeon.
You were a tree.
You visited 1 branch of the dungeon, and saw 2 of its levels.

You collected 78 gold pieces.

Inventory:

Hand Weapons
 e - a +0 short sword
 f - a +0 long sword (weapon)
 j - a +1 dagger of venom
Armour
 a - a +0 robe (melded)
 c - a +1 buckler (worn)
Jewellery
 h - a ring of ice (left branch)
Wands
 k - a wand of polymorph (8)
Scrolls
 l - a scroll of poison
Potions
 b - a potion of heal wounds {unknown}
 d - a potion of curing {unknown}
 g - a potion of attraction {unknown}
 i - a potion of mutation {unknown}


   Skills:
 - Level 2.1 Dodging
 - Level 1.5 Stealth
 + Level 4.3 Spellcasting


You couldn't memorise any spells.
You knew the following spells:

 Your Spells              Type           Power      Damage    Failure   Level
a - Foxfire               Conj/Fire      76%        2x1d7     3%          1
b - Scorch                Fire           38%        2d7       4%          2
c - Conjure Flame         Conj/Fire      19%        6-21      10%         3
d - Inner Flame           Hex/Fire       19%        N/A       10%         3
e - Flame Wave            Conj/Fire      19%        2d7       32%         4
f - Beastly Appendage     Tmut           38%        N/A       3%          1
g - Wereblood             Tmut           19%        N/A       4%          2
Your spell library was empty.

Dungeon Overview and Level Annotations

Branches:
Dungeon (2/15)

Altars:

Shops:
D:2 (

Annotations:
D:2 Crazy Yiuf


Innate Abilities, Weirdness & Mutations

You are a tree.
Your roots penetrate the ground, keeping you stationary.
You cannot be teleported.
You are immune to unholy pain and torment.
Your maximum health is greatly increased.
Your equipment is partially melded.
You are immune to sickness and miasma.
You are immune to poison.
((Your flesh is very heat resistant. (rF++)))
((You are vulnerable to cold. (rC-)))
You float through the air rather than walking.
You learn spells naturally, not from books.
Your magical power is your life essence.
You have superior vitality. (+4 MHP)


Message History

j - a +1 dagger of venom You reach down and open the door.
There is an open door here.
You reach down and open the door.
There is an open door here.
Found a hammer.
Found a runed translucent door.
Crazy Yiuf shouts!
Crazy Yiuf says, "Flower bag shrimp!"
As you open the door, it creaks loudly!
Casting: Flame Wave (extremely dangerous; 32% risk of failure)
Confirm with . or Enter, or press ? or * to list all spells.
You don't know that spell.
Crazy Yiuf attacks as you move away! Crazy Yiuf misses you.
Crazy Yiuf attacks as you move away!
Crazy Yiuf hits you with a +4 quarterstaff of chaos!
You are electrocuted!!
Ouch! That really hurt!
* * * LOW HITPOINT WARNING * * *
Casting: Flame Wave (extremely dangerous; 32% risk of failure)
Confirm with . or Enter, or press ? or * to list all spells.
Okay, then.
Okay, then.
Really quaff the potion of lignification?
You turn into a tree.
Your +0 robe melds into your body.
Your roots penetrate the ground.
Crazy Yiuf sings, "Trees, trees, trees, circus!"
Crazy Yiuf hits you with a +4 quarterstaff of chaos!
* * * LOW HITPOINT WARNING * * *
Crazy Yiuf freezes you.
* * * LOW HITPOINT WARNING * * *
Casting: Flame Wave (quite dangerous; 32% risk of failure)
Confirm with . or Enter, or press ? or * to list all spells.
You don't have enough health to cast this spell.
Unknown command.
Crazy Yiuf is nearby!
You hit Crazy Yiuf but do no damage. Crazy Yiuf hits you but does no damage.
You slash Crazy Yiuf!
Crazy Yiuf is heavily wounded.
Crazy Yiuf hits you with a +4 quarterstaff of chaos!
You die...

....#.# #..# ...
....#.###.## #'#
....#...#.# ♣♣.♣
....###...# ♣.♣♣
##### ###.## ♣♣.♣ #
#..# ♣.♣♣ # #..#
♣♣.♣♣ # ##..# ♣.g.♣♣
#...## ♣.♣..♣
######....# #....#
###.........###....#
...................#
#.................##
#...............###
#.........#######
#[........#
#.........#


You could see Crazy Yiuf.

Vanquished Creatures
  Jessica (D:2)
  5 adders (D:2)
  2 worms (D:2)
  4 ball pythons
  4 endoplasms
  2 goblins (D:2)
  8 hobgoblins
  A quokka (D:2)
  5 bats
  6 frilled lizards
  6 kobolds (D:1)
  2 rats (D:1)
46 creatures vanquished.

Vanquished Creatures (collateral kills)
  A foxfire (D:2)
1 creature vanquished.

Vanquished Creatures (others)
  107 foxfires
  30 plants
137 creatures vanquished.

Grand Total: 184 creatures vanquished

Notes
Turn   | Place    | Note
-------+----------+-------------------------------------------
     0 | D:1      | raph the Djinni Fire Elementalist began the quest for the
                  | Orb.
     0 | D:1      | raph set off with the following spells memorised: Foxfire,
                  | Scorch, Conjure Flame, Inner Flame, Flame Wave.
     0 | D:1      | Reached XP level 1. HP: 15/15 MP: 0/0
   264 | D:1      | Reached XP level 2. HP: 19/21 MP: 0/0
   732 | D:1      | Reached skill level 3 in Spellcasting
   900 | D:1      | Reached XP level 3. HP: 4/25 MP: 0/0
   900 | D:1      | Learned a level 1 spell: Beastly Appendage
  1883 | D:2      | Noticed Jessica
  1886 | D:2      | Killed Jessica
  1887 | D:2      | Reached XP level 4. HP: 27/31 MP: 0/0
  2166 | D:2      | Found Uloneeh's Antique Weapon Shoppe.
  2185 | D:2      | Reached skill level 4 in Spellcasting
  2668 | D:2      | Found a faded altar of an unknown god.
  3503 | D:2      | Reached XP level 5. HP: 33/35 MP: 0/0
  3503 | D:2      | Learned a level 2 spell: Wereblood
  3770 | D:2      | Found a runed translucent door.
  3771 | D:2      | Noticed Crazy Yiuf
  3783 | D:2      | Mangled by Crazy Yiuf

Illustrated notes

Levels and vault maps discovered:
D:1:      mrwooster_arrival_statue_3, layout_loops_ring,
          dreamdust_princess_corridor, lexackson_kobold_supper
D:2:      layout_rooms, dilly_ecumenical_altar_fadedgnrine, serial_shops,
          nicolae_shop_crystal, dk_noncrumbling_3, minmay_bisected,
          uniq_crazy_yiuf_cottage, uniq_jessica

Skill      XL: |  1  2  3  4 |
---------------+-------------+-----
Spellcasting   | 3 4 |  4.3
Dodging        | |  2.1
Stealth        | |  1.5

Action                   |  1- 3 |  4- 6 || total
-------------------------+-------+-------++-------
Melee: Short sword       |     4 |     2 ||     6
       Long sword        |       |     5 ||     5
 Cast: Foxfire           |    49 |    18 ||    67
       Scorch            |       |    14 ||    14
       Flame Wave        |       |     5 ||     5
  Use: Scroll            |     2 |     4 ||     6
       Potion            |       |     1 ||     1
Armor: Robe              |     1 |       ||     1
       Skin              |       |     1 ||     1
Dodge: Dodged            |    10 |    10 ||    20
Block: Buckler           |     1 |     2 ||     3
